[Event "*** SCC Grand Prix: Titled Tuesday Blitz"]
[Site "Chess.com"]
[Date "2020.08.04"]
[Round "8"]
[White "tlomigtlis"]
[Black "SilviusTiberius"]
[Result "1-0"]
[WhiteElo "2431"]
[BlackElo "2501"]
[TimeControl "180+1"]
[EndTime "15:16:20 PDT"]
[Termination "tlomigtlis won by resignation"]

1. d4 Nf6 2. c4 g6 3. Nc3 Bg7 4. g3 d6 5. Bg2 O-O 6. Nf3 Nc6 7.
O-O Rb8 8. h3 a6 9. e4 Re8 10. Re1 e5 11. Bg5 h6 12. Be3 b5 13.
cxb5 axb5 14. Rc1 exd4 15. Nxd4 Nxd4 16. Bxd4 b4 17. Nd5 Nxd5 18. Bxg7 Kxg7 19. Qxd5 Re5 20. Qd4 Kg8 21. f4 Ra5 22. e5 Be6 23. Red1 Rxa2 24. Bd5 Bxd5 25. Qxd5 Rxb2 26. e6 fxe6 27. Qxe6+ Kh7 28.
Re1 Qh8 29. Rxc7+ 1-0

[Event "*** SCC Grand Prix: Titled Tuesday Blitz"]
[Site "Chess.com"]
[Date "2020.08.04"]
[Round "8"]
[White "lacafi"]
[Black "Ural_bogatyr"]
[Result "0-1"]
[WhiteElo "2053"]
[BlackElo "2368"]
[TimeControl "180+1"]
[EndTime "15:16:20 PDT"]
[Termination "Ural_bogatyr won by resignation"]

1. d4 Nf6 2. Nf3 g6 3. c4 Bg7 4. Nc3 O-O 5. e4 d6 6. Be2 e5 7. dxe5 dxe5 8. O-O c6 9. Qc2 Qc7 10. b4 Re8 11. Rd1 Nbd7 12. h3 Nf8 13. Be3 Ne6 14. b5 Nh5 15. Rab1 Nhf4 16. Bf1 c5 17. b6 axb6 18. Nb5 Qb8 19. Nd6 Rd8 20. Rxb6 Nd4 21. Nxd4 cxd4 22. Bxf4 Rxd6 23. Rxd6 Qxd6 24.
c5 Qc6 25. Bc1 Be6 26. Bc4 Qxc5 0-1

[Event "*** SCC Grand Prix: Titled Tuesday Blitz"]
[Site "Chess.com"]
[Date "2020.08.04"]
[Round "8"]
[White "Steven_Rojas"]
[Black "Chessbard1972"]
[Result "0-1"]
[WhiteElo "2440"]
[BlackElo "2353"]
[TimeControl "180+1"]
[EndTime "15:16:25 PDT"]
[Termination "Chessbard1972 won by resignation"]

1. c4 e6 2. Nf3 d5 3. e3 c5 4.
cxd5 exd5 5. d4 Nf6 6. Nc3 Nc6 7. Bb5 a6 8. Bxc6+ bxc6 9. O-O Bd6 10.
dxc5 Bxc5 11. b3 O-O 12. Bb2 Bg4 13. Rc1 Qe7 14. Na4 Bd6 15. Rxc6 Rfd8 16. Qd4 Bd7 17. Rc2 Rab8 18. Rfc1 Rb4 19. Qd3 Bxa4 20. bxa4 Rxa4 21. Rc8 h6 22. Qf5 Nd7 23. Rxd8+ Qxd8 24. Qxd5 Nf6 25. Rd1 Nxd5 26. Rxd5 Bxh2+ 27. Kxh2 Qxd5 0-1

[Event "*** SCC Grand Prix: Titled Tuesday Blitz"]
[Site "Chess.com"]
[Date "2020.08.04"]
[Round "8"]
[White "FMOlexandrProhorov"]
[Black "chessuriel"]
[Result "0-1"]
[WhiteElo "2115"]
[BlackElo "2266"]
[TimeControl "180+1"]
[EndTime "15:16:29 PDT"]
[Termination "chessuriel won by checkmate"]

1. e4 c5 2. c3 d5 3. exd5 Qxd5 4.
d4 Nf6 5. Nf3 e6 6. Na3 a6 7.
Nc4 Nbd7 8. Bf4 b5 9. Ne3 Qe4 10. Bd3 Qxf4 11. O-O c4 12. Be2 Bb7 13. a4 Be7 14. axb5 axb5 15. Rxa8+ Bxa8 16. Qa1 O-O 17. Qa5 Qb8 18. Ra1 Bc6 19. Qa2 Qb7 20. Ne1 Ne4 21.
Qb1 Ndf6 22. f3 Nd2 23. Qc2 Nb3 24. Rd1 Nd5 25. Ng4 Nf6 26. Ne5 Bd5 27. Bf1 Bd6 28.
f4 Be4 29. Qf2 Ra8 30. N1f3 Ra1 31. Rxa1 Nxa1 32. Be2 Nb3 33. g4 Bxe5 34. fxe5 Nxg4 35. Qg3 Ne3 36. Ng5 h6 37. Qxe3 hxg5 38. Qxg5 Qd5 39.
h4 Bh1 40. h5 Kf8 41. h6 gxh6 42.
Qxh6+ Ke8 43. Qh8+ Kd7 44. Qb8 Qg2# 0-1

[Event "*** SCC Grand Prix: Titled Tuesday Blitz"]
[Site "Chess.com"]
[Date "2020.08.04"]
[Round "8"]
[White "louis198"]
[Black "djano"]
[Result "1-0"]
[WhiteElo "2519"]
[BlackElo "2417"]
[TimeControl "180+1"]
[EndTime "15:16:33 PDT"]
[Termination "louis198 won by resignation"]

1. d4 d5 2. c4 Nc6 3. Nc3 Nf6 4. e3 g6 5. Nf3 Bg7 6. Be2 Bg4 7. O-O e6 8. cxd5 exd5 9. Ne5 Bxe2 10. Qxe2 O-O 11. Nxc6 bxc6 12. Rd1 Rb8 13. Na4 Ne4 14. b3 c5 15. Ba3 cxd4 16. Bxf8 Qxf8 17. exd4 c5 18. f3 Nd6 19. Nxc5 Nf5 20. Qf2 Qd6 21. g4 Nxd4 22. Rac1 Ne6 23. Nxe6 fxe6 24. Qxa7 Bh6 25. Rc7 Rf8 26. Rc3 Qe5 27. Rcd3 d4 28. Qxd4 Qxd4+ 29. Rxd4 Be3+ 30. Kg2 Bxd4 31. Rxd4 Ra8 32. a4 Rb8 33. b4 e5 34. Re4 Kf7 35. b5 Ke6 36. f4 Kd5 37.
Rxe5+ 1-0

[Event "*** SCC Grand Prix: Titled Tuesday Blitz"]
[Site "Chess.com"]
[Date "2020.08.04"]
[Round "8"]
[White "Flopezin"]
[Black "Fh2411"]
[Result "0-1"]
[WhiteElo "2344"]
[BlackElo "2556"]
[TimeControl "180+1"]
[EndTime "15:16:38 PDT"]
[Termination "Fh2411 won by resignation"]

1. c4 c6 2. e4 e5 3. Nf3 d6 4. d4 Nd7 5. d5 c5 6. Bd3 g6 7.
O-O Bg7 8. Ne1 Ne7 9. Nc3 a6 10. a3 O-O 11. b4 b6 12. h4 f5 13. h5 f4 14. hxg6 Nxg6 15. Be2 Nf6 16. Nf3 h6 17.
Nh2 Qd7 18. bxc5 bxc5 19. a4 Kh7 20. a5 Ra7 21. Bf3 Rg8 22. Na4 Nh4 23. Nb6 Qd8 24. Nxc8 Qxc8 25. Bg4 Nxg4 26. Qxg4 Qxg4 27. Nxg4 Bh8 28. f3 h5 29. Nh2 Rxg2+ 30. Kh1 Bf6 31. Ba3 Rag7 32. Rg1 Rxh2+ 33. Kxh2 Nxf3+ 34. Kh1 Rxg1+ 35.
Rxg1 Nxg1 36. Kxg1 Bd8 0-1

[Event "*** SCC Grand Prix: Titled Tuesday Blitz"]
[Site "Chess.com"]
[Date "2020.08.04"]
[Round "8"]
[White "vova-79"]
[Black "ailime26"]
[Result "1-0"]
[WhiteElo "2431"]
[BlackElo "1896"]
[TimeControl "180+1"]
[EndTime "15:16:40 PDT"]
[Termination "vova-79 won on time"]

1. d4 d5 2. c4 e6 3. Nc3 Nf6 4.
Nf3 Be7 5. Bf4 Nbd7 6. e3 c5 7. cxd5 Nxd5 8. Nxd5 exd5 9. dxc5 Nxc5 10. Bb5+ Bd7 11.
Bxd7+ Qxd7 12. O-O O-O 13. Be5 Ne4 14. Rc1 Rac8 15. Qd4 f6 16. Bf4 Bc5 17. Qd3 Qe6 18.
Rfd1 Rfd8 19. Nd4 Bxd4 20. Qxd4 a6 21. h3 Rc6 22. f3 Ng5 23. e4 Qe7 24. exd5 Rxc1 25.
Bxc1 Ne6 26. Qe4 Qc5+ 27. Be3 Nd4 28. Rxd4 1-0

[Event "*** SCC Grand Prix: Titled Tuesday Blitz"]
[Site "Chess.com"]
[Date "2020.08.04"]
[Round "8"]
[White "abykhovsky"]
[Black "GigaQuparadze"]
[Result "1-0"]
[WhiteElo "2784"]
[BlackElo "2915"]
[TimeControl "180+1"]
[EndTime "15:16:43 PDT"]
[Termination "abykhovsky won by resignation"]

1. d4 Nf6 2. Nf3 e6 3. Bg5 c5 4. e3 Nc6 5. c4 cxd4 6. exd4 Bb4+ 7. Nbd2 d5 8. a3 Bxd2+ 9. Qxd2 Ne4 10. Bxd8 Nxd2 11.
Kxd2 Kxd8 12. cxd5 exd5 13. Bb5 f6 14. Bxc6 bxc6 15. Rhc1 Bd7 16. Ne1 Kc7 17. Nd3 Kd6 18.
Nc5 Rhb8 19. b3 a5 20. Rc3 h5 21. h4 g5 22. hxg5 fxg5 23. Re1 Rf8 24. f3 Rfe8 25. Rxe8 Rxe8 26. Nb7+ Kc7 27. Nxa5 g4 28. b4 gxf3 29. Rxf3 Bg4 30. Re3 Rf8 31. Rc3 Rf2+ 32. Ke3 Rxg2 33.
Rxc6+ Kd7 34. Kf4 Re2 35. b5 Re4+ 36. Kg5 Rxd4 37. Nb3 Rd1 38. Nc5+ Ke7 39. b6 Rb1 40. b7 d4 41. Rc7+ Kd8 42. Rh7 Rb5 43. Kf4 d3 44. a4 Rb4+ 45. Ke3 d2 46. Kxd2 Bf3 47. a5 Bxb7 48. Rxb7 Rc4 49. a6 Rxc5 50. a7 Rd5+ 51. Ke3 Ra5 52. Rb8+ Kc7 53. a8=Q Rxa8 54. Rxa8 1-0

[Event "*** SCC Grand Prix: Titled Tuesday Blitz"]
[Site "Chess.com"]
[Date "2020.08.04"]
[Round "8"]
[White "Jenia84"]
[Black "arminmusovic"]
[Result "1-0"]
[WhiteElo "2368"]
[BlackElo "2480"]
[TimeControl "180+1"]
[EndTime "15:16:43 PDT"]
[Termination "Jenia84 won by resignation"]

1. Nf3 a6 2. g3 e6 3. Bg2 Nf6 4. O-O d5 5. b3 c5 6. Bb2 Nc6 7. d4 cxd4 8. Nxd4 Bc5 9. Nxc6 bxc6 10. Nd2 O-O 11. e4 Re8 12. c4 Bb7 13. cxd5 exd5 14. Rc1 Ba7 15. exd5 cxd5 16. Nf3 Ne4 17. Bd4 Bb8 18.
Re1 a5 19. Nd2 Bd6 20. Nxe4 dxe4 21. Qg4 Bf8 22. Bxe4 h5 23. Qf4 Bxe4 24. Rxe4 Qd5 25. Rxe8 Rxe8 26. Be3 Bd6 27. Qc4 Qf3 28. Qd3 h4 29.
Qxd6 h3 30. Qc6 Rxe3 31. fxe3 Qxe3+ 32. Kh1 Qd2 33. Qc8+ Kh7 34. Qxh3+ Kg6 35. Qg4+ Kh6 36. Qf4+ Qxf4 37. gxf4 f5 1-0

[Event "*** SCC Grand Prix: Titled Tuesday Blitz"]
[Site "Chess.com"]
[Date "2020.08.04"]
[Round "8"]
[White "Hrant_ChessMood"]
[Black "Evgeny81"]
[Result "1-0"]
[WhiteElo "2863"]
[BlackElo "2757"]
[TimeControl "180+1"]
[EndTime "15:16:49 PDT"]
[Termination "Hrant_ChessMood won by resignation"]

1. d4 Nf6 2. c4 e6 3. Nf3 Bb4+ 4.
Nbd2 O-O 5. a3 Be7 6. e4 d6 7. Be2 Nfd7 8. O-O e5 9. d5 a5 10. b3 g6 11. Rb1 f5 12. b4 axb4 13. axb4 Nf6 14. Bd3 Nh5 15. Re1 f4 16. c5 Nd7 17.
Nc4 Ndf6 18. b5 b6 19. cxb6 cxb6 20. Ba3 Rf7 21. Ng5 Rg7 22. Ne6 Bxe6 23. dxe6 g5 24. Bf1 Ne8 25. Qxh5 g4 26. Rbd1 Nf6 27. Qf5 g3 28. fxg3 fxg3 29. hxg3 Rxa3 30. Nxa3 d5 31. Nc4 Bc5+ 32. Ne3 Qe7 33. exd5 Rxg3 34. d6 Qg7 35. d7 1-0

[Event "*** SCC Grand Prix: Titled Tuesday Blitz"]
[Site "Chess.com"]
[Date "2020.08.04"]
[Round "8"]
[White "FMJoseHerrera"]
[Black "Rodalquilar"]
[Result "0-1"]
[WhiteElo "2500"]
[BlackElo "2647"]
[TimeControl "180+1"]
[EndTime "15:16:49 PDT"]
[Termination "Rodalquilar won by resignation"]

1. f3 e5 2. g3 d5 3. Kf2 Nf6 4.
Kg2 Nc6 5. Nh3 Bc5 6. Nf2 O-O 7.
d3 h6 8. Nc3 Re8 9. e4 Nd4 10.
exd5 Nxd5 11. Nce4 Bb6 12. c4 Nf6 13. c5 Ba5 14. b4 Bxb4 15. Qa4 Nd5 16. Rb1 Bd7 17. Qd1 f5 18. Rxb4 Nxb4 19. Nd2 Bc6 20. Be2 Nd5 21.
Nc4 Nc3 22. Qe1 Ncxe2 23. Nd2 Qd5 24. Nde4 fxe4 25. dxe4 Qxa2 26. Be3 Rf8 27. f4 exf4 28.
Bxd4 Nxd4 29. gxf4 Rxf4 30. Qe3 Bxe4+ 31. Kg3 Rf3+ 32.
Qxf3 Bxf3 0-1

[Event "*** SCC Grand Prix: Titled Tuesday Blitz"]
[Site "Chess.com"]
[Date "2020.08.04"]
[Round "8"]
[White "StoreySniper"]
[Black "YIYUKI"]
[Result "1-0"]
[WhiteElo "2444"]
[BlackElo "2284"]
[TimeControl "180+1"]
[EndTime "15:16:50 PDT"]
[Termination "StoreySniper won by resignation"]

1. e4 e5 2. Nc3 Nf6 3. g3 Nc6 4.
Bg2 Bc5 5. d3 a6 6. Nge2 d6 7.
h3 h6 8. Nd5 Nxd5 9. exd5 Ne7 10. c4 O-O 11. O-O Nf5 12. Kh2 Nd4 13. Nxd4 Bxd4 14.
f4 f5 15. Qe2 Bd7 16. Be3 Bxe3 17. Qxe3 exf4 18. Qxf4 Qf6 19. Qf2 Rae8 20. Rae1 g5 21.
b3 f4 22. gxf4 gxf4 23. Rxe8 Bxe8 24. Be4 Kh8 25. Qf3 Qe5 26. Rg1 Bh5 27. Qf2 f3+ 28. Kh1 Qf4 29. Qd4+ Qe5 30. Qxe5+ dxe5 31. Rf1 Rf4 32.
Kh2 Kg7 33. Kg3 b5 34. Bxf3 bxc4 35. dxc4 e4 36. Bg2 Rxf1 37. Bxf1 Kf6 38. Kf4 Bf3 39. h4 a5 40. Bd3 exd3 41. Kxf3 Kf5 42. Ke3 Kg4 43.
c5 Kxh4 44. d6 cxd6 45. cxd6 1-0

[Event "*** SCC Grand Prix: Titled Tuesday Blitz"]
[Site "Chess.com"]
[Date "2020.08.04"]
[Round "8"]
[White "Dr_crypt"]
[Black "LubovMarkelova"]
[Result "0-1"]
[WhiteElo "2420"]
[BlackElo "2267"]
[TimeControl "180+1"]
[EndTime "15:16:51 PDT"]
[Termination "LubovMarkelova won by resignation"]

1. d4 d5 2. Nf3 Nf6 3. Bf4 c6 4.
e3 Qb6 5. Qc1 Bf5 6. c4 dxc4 7.
Nbd2 Nd5 8. Bg3 Bd3 9. Nxc4 Qb4+ 10. Nfd2 Bxf1 11. Kxf1 e6 12. a3 Qb5 13. h4 Be7 14. h5 h6 15. Kg1 O-O 16. Ne5 Na6 17. b4 Rac8 18. Nb3 b6 19. Bh4 c5 20. Bxe7 Nxe7 21. dxc5 bxc5 22. Qb2 c4 23. a4 Qxb4 24. Nxc4 Rxc4 25. Rh3 Rb8 26. Rg3 Nf5 0-1

[Event "*** SCC Grand Prix: Titled Tuesday Blitz"]
[Site "Chess.com"]
[Date "2020.08.04"]
[Round "8"]
[White "creativity"]
[Black "Cambek64"]
[Result "0-1"]
[WhiteElo "2058"]
[BlackElo "2369"]
[TimeControl "180+1"]
[EndTime "15:16:55 PDT"]
[Termination "Cambek64 won on time"]

1. d4 c5 2. dxc5 Qa5+ 3. Nc3 Qxc5 4. e4 e6 5. Nf3 a6 6. Be3 Qc7 7. Bd3 b5 8. O-O Bb7 9. Re1 d6 10. a3 Nd7 11. Nd4 Ngf6 12. f4 Be7 13. f5 e5 14.
Nb3 Rc8 15. Kh1 Nc5 16. Bf2 O-O 17. Qe2 Nxd3 18. cxd3 d5 19. exd5 Nxd5 20. Qxe5 Bd6 21. Nxd5 Bxe5 22. Nxc7 Bxc7 23. Re7 Bd5 24. Nd2 Bf4 25.
Ne4 Rc2 26. Bg3 Bxg3 27. hxg3 Rxb2 28. f6 Rc8 29. fxg7 Kxg7 30. Rf1 Rcc2 31. Rd7 Rxg2 0-1

[Event "*** SCC Grand Prix: Titled Tuesday Blitz"]
[Site "Chess.com"]
[Date "2020.08.04"]
[Round "8"]
[White "maxip32"]
[Black "Mikhail_Golubev"]
[Result "0-1"]
[WhiteElo "2475"]
[BlackElo "2600"]
[TimeControl "180+1"]
[EndTime "15:16:57 PDT"]
[Termination "Mikhail_Golubev won on time"]

1. e4 c5 2. Nf3 d6 3. d4 Nf6 4. Nc3 cxd4 5. Nxd4 g6 6. Be3 Bg7 7. f3 Nc6 8. Qd2 O-O 9. g4 Be6 10. Nxe6 fxe6 11. O-O-O Ne5 12. Be2 Qc8 13. Bh6 Bxh6 14. Qxh6 Qc5 15. h4 b5 16. h5 Nf7 17. Qd2 g5 18.
Nxb5 h6 19. Nd4 Qc8 20. Qe3 Rb8 21. b3 Qc5 22. Qd2 Ne5 23. Nxe6 Qa3+ 24. Kb1 Rfc8 25. Rc1 a5 26. f4 Nxe4 0-1

[Event "*** SCC Grand Prix: Titled Tuesday Blitz"]
[Site "Chess.com"]
[Date "2020.08.04"]
[Round "8"]
[White "SamuelGhimpu2003"]
[Black "MF1966Idrisov"]
[Result "1-0"]
[WhiteElo "2562"]
[BlackElo "2357"]
[TimeControl "180+1"]
[EndTime "15:16:57 PDT"]
[Termination "SamuelGhimpu2003 won on time"]

1. e4 d5 2. exd5 Qxd5 3. Nf3 a6 4. d4 Nf6 5. c4 Qd6 6. Nc3 Bg4 7. h3 Bh5 8. Be2 e6 9. Be3 Be7 10. Ne5 Bxe2 11.
Qxe2 Nc6 12. Nxc6 Qxc6 13. O-O O-O 14. Rad1 Rad8 15. Rfe1 Rd7 16. Bf4 Rfd8 17. Be5 Ne8 18. d5 exd5 19. Nxd5 Bf8 20. Bc3 b5 21. b3 bxc4 22. bxc4 Nd6 23. Nf6+ gxf6 24. Qg4+ Bg7 25. Bxf6 Nf5 26. Bxd8 Rxd1 27. Rxd1 Qe6 28. Bxc7 h6 29.
c5 Kh7 30. Bd6 Bf6 31. c6 1-0

[Event "*** SCC Grand Prix: Titled Tuesday Blitz"]
[Site "Chess.com"]
[Date "2020.08.04"]
[Round "8"]
[White "penguingm1"]
[Black "Zkid"]
[Result "0-1"]
[WhiteElo "2947"]
[BlackElo "2831"]
[TimeControl "180+1"]
[EndTime "15:17:01 PDT"]
[Termination "Zkid won by checkmate"]

1. d4 d5 2. Bf4 c5 3. e4 dxe4 4.
d5 Nf6 5. Nc3 a6 6. Qe2 g6 7.
O-O-O Bg4 8. f3 exf3 9. Nxf3 Bg7 10. d6 e6 11. h3 Bxf3 12. Qxf3 O-O 13. Bg5 Nbd7 14.
Ne4 h6 15. Nxf6+ Nxf6 16. Bh4 g5 17. Bg3 Nd5 18. Bc4 Nb6 19. Bd3 Qf6 20. Qxf6 Bxf6 21.
Be4 Nd7 22. Bxb7 Rab8 23. Bxa6 Bxb2+ 24. Kd2 Rb6 25. Bc4 Be5 26. Bf2 Bxd6 27. a4 Rb4 28. Bb5 Nb6 29. Rb1 Re4 30. Bd3 Bf4+ 31. Kd1 Rd8 32. Rxb6 c4 33. Rb4 f5 34. Re1 cxd3 35.
Rexe4 fxe4 36. c3 e3 37. Bxe3 Bxe3 38. Re4 Bf4 39. a5 Rc8 40. c4 Rb8 41. Rd4 Rb1# 0-1

[Event "*** SCC Grand Prix: Titled Tuesday Blitz"]
[Site "Chess.com"]
[Date "2020.08.04"]
[Round "8"]
[White "kasparicy"]
[Black "abfchess"]
[Result "0-1"]
[WhiteElo "2363"]
[BlackElo "2171"]
[TimeControl "180+1"]
[EndTime "15:17:02 PDT"]
[Termination "abfchess won by resignation"]

1. e4 e6 2. d4 d5 3. Nd2 Nc6 4. Bd3 Nxd4 5. exd5 exd5 6. Ngf3 Nxf3+ 7. Nxf3 Nf6 8. O-O Be7 9. Re1 O-O 10. Bg5 c6 11.
Qd2 Bg4 12. Qf4 Bh5 13. Qh4 Bg6 14. Bxg6 fxg6 15. Ne5 Bd6 16. Ng4 Be7 17. Re6 Qd7 18.
Rae1 Nxg4 19. Bxe7 Rfe8 20. R6e2 Nh6 21. Bc5 Nf5 22. Qg5 Rxe2 23. Rxe2 b6 24. Ba3 Re8 25. Rxe8+ Qxe8 26. g3 c5 27. Qd2 Qe4 28. b3 Nd4 29. Qe3 Qxe3 30. fxe3 Nxc2 31. Bc1 Kf7 32. a3 d4 33.
exd4 Nxd4 34. Kf2 Nxb3 35. Bb2 Na5 36. Ke3 Nc4+ 0-1

[Event "*** SCC Grand Prix: Titled Tuesday Blitz"]
[Site "Chess.com"]
[Date "2020.08.04"]
[Round "8"]
[White "mishanick"]
[Black "TigrVShlyape"]
[Result "0-1"]
[WhiteElo "2928"]
[BlackElo "2876"]
[TimeControl "180+1"]
[EndTime "15:17:03 PDT"]
[Termination "TigrVShlyape won by resignation"]

1. d4 Nf6 2. c4 g6 3. Nc3 Bg7 4. e4 d6 5. Be2 e5 6. d5 Nbd7 7. Be3 Nc5 8. f3 a5 9. a3 O-O 10. Rb1 Bd7 11. b3 Nh5 12. b4 axb4 13. axb4 Na4 14.
Nxa4 Rxa4 15. g3 f5 16. Bd3 fxe4 17. Bxe4 Nf6 18. Bg5 Qa8 19. Bxf6 Rxf6 20. Ne2 Qa7 21.
Qc1 Bh3 22. c5 Bg2 23. Rg1 Bxf3 24. Bxf3 Rxf3 25. Rf1 Raa3 26. Qc4 Qa8 27. c6 b6 28. Rxf3 Rxf3 29. Kd2 Bh6+ 30. Kc2 Qa4+ 31. Kb2 Qa3+ 32. Kc2 Qe3 33. Rb3 Qd2+ 34. Kb1 Rf1+ 35. Nc1 Rxc1+ 0-1

[Event "*** SCC Grand Prix: Titled Tuesday Blitz"]
[Site "Chess.com"]
[Date "2020.08.04"]
[Round "8"]
[White "rududuyk"]
[Black "AJSC02"]
[Result "0-1"]
[WhiteElo "2087"]
[BlackElo "2261"]
[TimeControl "180+1"]
[EndTime "15:17:04 PDT"]
[Termination "AJSC02 won by resignation"]

1. e4 c5 2. Nc3 Nc6 3. f4 g6 4.
Nf3 Bg7 5. Bc4 e6 6. d3 Nge7 7. O-O O-O 8. Qe1 d5 9. Bb3 b6 10. Qh4 Ba6 11. f5 gxf5 12. exd5 Nxd5 13. Nxd5 exd5 14.
Bg5 Qd6 15. Bf4 Qd7 16. Ng5 h6 17. Nf3 Kh7 18. Ng5+ Kg8 19. Nh3 c4 20. Bxh6 Bxh6 21.
Qxh6 Qe6 22. Qg5+ Qg6 23. dxc4 dxc4 24. Ba4 Qxg5 25. Nxg5 b5 26. Rxf5 bxa4 27. Rf6 Bb7 28. Raf1 Ne5 29. R6f5 Rae8 30. h4 Bc8 31. Rf6 Kg7 32. Rd6 Be6 33. Nxe6+ Rxe6 34. Rd4 Rb8 35. Re4 Rxb2 36. Rfe1 Rb5 37. h5 f6 38. g4 Nf3+ 39.
Kf2 0-1

[Event "*** SCC Grand Prix: Titled Tuesday Blitz"]
[Site "Chess.com"]
[Date "2020.08.04"]
[Round "8"]
[White "BlueWizzard"]
[Black "Bigfish1995"]
[Result "0-1"]
[WhiteElo "2708"]
[BlackElo "2973"]
[TimeControl "180+1"]
[EndTime "15:17:06 PDT"]
[Termination "Bigfish1995 won by resignation"]

1. c4 e5 2. e3 Nf6 3. a3 g6 4. b4 Bg7 5. Bb2 d6 6. g3 O-O 7. Bg2 a5 8. d3 Na6 9. bxa5 Nc5 10. Ne2 Bf5 11. e4 Bd7 12. Nbc3 Rxa5 13. O-O Ne8 14. h3 f5 15. exf5 Bxf5 16. Ne4 Nxe4 17. dxe4 Be6 18. Rc1 b6 19. Qd2 Qd7 20. Kh2 Rc5 21. Qd3 Qc6 22.
f4 Bxc4 23. Qd2 Nf6 24. f5 Nxe4 25. Qe3 gxf5 26. Rxf5 Rxf5 27. Bxe4 Rf2+ 28. Kg1 Rxe2 29. Qxe2 d5 30. Qg4 dxe4 31. Qc8+ Kf7 32. Qf5+ Ke7 33.
Rd1 Bd3 34. Qg5+ Qf6 35. Qe3 Bh6 36. Qe1 Rc2 37. Rxd3 exd3 38. Bxe5 Qf3 39. Qb4+ Kd7 40. Qa4+ Kc8 41. Qa6+ Kd8 0-1

[Event "*** SCC Grand Prix: Titled Tuesday Blitz"]
[Site "Chess.com"]
[Date "2020.08.04"]
[Round "8"]
[White "Bodnar_Mykola"]
[Black "SiddharthGMJagadeesh"]
[Result "1-0"]
[WhiteElo "2480"]
[BlackElo "2569"]
[TimeControl "180+1"]
[EndTime "15:17:09 PDT"]
[Termination "Bodnar_Mykola won by resignation"]

1. e4 d6 2. d4 Nf6 3. Nc3 e5 4. Nf3 exd4 5. Nxd4 Be7 6. Bc4 O-O 7. f3 c6 8. a4 d5 9. exd5 cxd5 10.
Be2 Bc5 11. Be3 Qe7 12. Bf2 Nc6 13. O-O Be6 14. Re1 Rad8 15. Qd2 Bxd4 16. Bxd4 Nd7 17. Bf1 Qb4 18. Bf2 Nb6 19. b3 Bf5 20. Rad1 d4 21.
Ne4 Qxd2 22. Rxd2 Rfe8 23. Bd3 Bg6 24. Rde2 Kf8 25. Bg3 f6 26. Bd6+ Kf7 27. Ba3 Bxe4 28.
Bxe4 Kg8 29. Bxh7+ Kxh7 30. Rxe8 Rd7 31. Rd1 Ne5 32. Re7 Rxe7 33. Bxe7 Nd5 34. Bc5 Nc3 35.
Rd2 Nc6 36. Kf2 Nb1 37. Rd3 Kg6 38. Bxd4 Na3 39. c3 Nc2 40. Rd2 N2xd4 41. cxd4 Ne7 42.
d5 Nf5 43. d6 1-0

[Event "*** SCC Grand Prix: Titled Tuesday Blitz"]
[Site "Chess.com"]
[Date "2020.08.04"]
[Round "8"]
[White "Lucas_Tomiello"]
[Black "diablanni"]
[Result "1-0"]
[WhiteElo "2464"]
[BlackElo "2320"]
[TimeControl "180+1"]
[EndTime "15:17:10 PDT"]
[Termination "Lucas_Tomiello won by resignation"]

1. e4 c5 2. Nf3 Nc6 3. Bb5 Nf6 4. Nc3 g6 5. Bxc6 dxc6 6. d3 Bg7 7. h3 O-O 8. Be3 b6 9. O-O e5 10. Qd2 Nh5 11. Bh6 Qd6 12. Rae1 f6 13. Bxg7 Nxg7 14. Nh2 Ne6 15. g3 a5 16. Rd1 Ra7 17. Kg2 f5 18. exf5 gxf5 19. Rde1 Nd4 20. Ne2 Qd5+ 21. f3 Rg7 22.
Nxd4 cxd4 23. c4 Qd6 24. f4 exf4 25. Qxf4 Qd8 26. Re5 c5 27. Nf3 Qd7 28. Kh2 Bb7 29. Nh4 Qc6 30. Rxf5 Qe8 31. Rxf8+ 1-0

[Event "*** SCC Grand Prix: Titled Tuesday Blitz"]
[Site "Chess.com"]
[Date "2020.08.04"]
[Round "8"]
[White "ZEN-22"]
[Black "keepitcool9499"]
[Result "0-1"]
[WhiteElo "2500"]
[BlackElo "2647"]
[TimeControl "180+1"]
[EndTime "15:17:11 PDT"]
[Termination "keepitcool9499 won on time"]

1. g3 e6 2. Bg2 d5 3. Nf3 Nf6 4. O-O Be7 5. c4 O-O 6. cxd5 exd5 7. d3 c5 8. Nc3 d4 9. Na4 Nc6 10. Bg5 Nd5 11. Bxe7 Qxe7 12. Rc1 b6 13. a3 Bb7 14. b4 cxb4 15. axb4 Ndxb4 16. Re1 Rac8 17. Qd2 Rfd8 18. Nh4 g6 19. Nb2 Na5 20. Bxb7 Nxb7 21. Nf3 Na5 22. Rxc8 Rxc8 23. Nxd4 Qc5 24. e3 Qc3 25. Qe2 Nb3 26.
Nxb3 Qxb3 27. Nc4 Qxd3 28. Ne5 Qxe2 29. Rxe2 a5 30. Rd2 a4 31. Nd7 Rc1+ 32. Kg2 a3 33. Nf6+ Kg7 34. Ne8+ Kf8 35. Rd8 a2 36. e4 a1=Q 37.
e5 Rg1+ 0-1

[Event "*** SCC Grand Prix: Titled Tuesday Blitz"]
[Site "Chess.com"]
[Date "2020.08.04"]
[Round "8"]
[White "BilodeauA"]
[Black "LyonBeast"]
[Result "0-1"]
[WhiteElo "2883"]
[BlackElo "3037"]
[TimeControl "180+1"]
[EndTime "15:17:13 PDT"]
[Termination "LyonBeast won by resignation"]

1. d4 Nf6 2. Nc3 d5 3. Bf4 Bf5 4. e3 e6 5. f3 Bb4 6. g4 Bg6 7. h4 h5 8. g5 Ng8 9. Bd3 Ne7 10. e4 c5 11. dxc5 Bxc5 12. exd5 exd5 13. Bxg6 fxg6 14. Nge2 O-O 15. Qd3 Nbc6 16. a3 Qd7 17.
O-O-O Rad8 18. Kb1 a6 19. Bh2 Qf5 20. Nf4 Qf7 21.
Qe2 Nd4 22. Qd3 Ne6 23. Nxe6 Qxe6 24. Rhe1 Qf7 25. f4 Rd7 26. Re2 Rfd8 27. Bg1 Bxg1 28.
Rxg1 Nf5 29. Rh1 Kh7 30. Re5 d4 31. Ne4 Rd5 32. Qb3 Qd7 33. Nc5 Qc6 34. Rxd5 Rxd5 35.
Nd3 Rb5 0-1

[Event "*** SCC Grand Prix: Titled Tuesday Blitz"]
[Site "Chess.com"]
[Date "2020.08.04"]
[Round "8"]
[White "1stSecond"]
[Black "spicycaterpillar"]
[Result "1-0"]
[WhiteElo "2866"]
[BlackElo "2977"]
[TimeControl "180+1"]
[EndTime "15:17:15 PDT"]
[Termination "1stSecond won on time"]

1. d4 Nf6 2. Nf3 g6 3. g3 Bg7 4. Bg2 O-O 5. O-O d6 6. b3 Nbd7 7. Bb2 Re8 8. Nbd2 e5 9. e4 a5 10. a4 exd4 11. Nxd4 Nc5 12. Re1 Bg4 13. f3 Bd7 14.
Nc4 d5 15. exd5 Nxd5 16. f4 Nb4 17. Qd2 Be6 18. Ne5 Bd5 19. Rad1 Bxg2 20. Qxg2 Qf6 21. c3 Nba6 22. Ba3 Rad8 23. Kh1 h5 24. b4 Nxa4 25.
Qc2 Nb6 26. bxa5 Nd5 27. Qb3 h4 28. Ng4 Rxe1+ 29. Rxe1 1-0

[Event "*** SCC Grand Prix: Titled Tuesday Blitz"]
[Site "Chess.com"]
[Date "2020.08.04"]
[Round "8"]
[White "tptagain"]
[Black "crescentmoon2411"]
[Result "1-0"]
[WhiteElo "2946"]
[BlackElo "2773"]
[TimeControl "180+1"]
[EndTime "15:17:18 PDT"]
[Termination "tptagain won by resignation"]

1. Nf3 Nf6 2. d4 d5 3. e3 c5 4.
dxc5 Nc6 5. a3 a5 6. Nc3 g6 7. Bb5 Bg7 8. O-O O-O 9. Bxc6 bxc6 10. Nd4 Qc7 11. Na4 e5 12. Nb3 Bf5 13. Bd2 Nd7 14. Rc1 Rfb8 15. Bc3 Rb5 16. Qd2 h5 17. h3 Be6 18. f4 f6 19. Qd3 Bf5 20. Qe2 Re8 21.
fxe5 fxe5 22. Rxf5 gxf5 23. Qxh5 Rf8 24. Rf1 f4 25.
exf4 d4 26. Be1 d3 27. Nc3 Rbb8 28. Qg6 dxc2 29. Qxc2 exf4 30. Ne4 Ne5 31. Ng5 Rf6 32. Nd4 Qd7 33. Bc3 Qf5 34. Nxf5 Rxf5 35. Qxf5 1-0

[Event "*** SCC Grand Prix: Titled Tuesday Blitz"]
[Site "Chess.com"]
[Date "2020.08.04"]
[Round "8"]
[White "The_Machine04"]
[Black "MPGM"]
[Result "0-1"]
[WhiteElo "2244"]
[BlackElo "2497"]
[TimeControl "180+1"]
[EndTime "15:17:18 PDT"]
[Termination "MPGM won on time"]

1. d4 d5 2. Bf4 c5 3. e3 Nc6 4. c3 Bf5 5. Nd2 e6 6. Qb3 Qd7 7. Ngf3 Rc8 8. Ne5 Nxe5 9. Bxe5 a6 10. Be2 Nf6 11. O-O Be7 12. Qd1 O-O 13. h4 h6 14.
g4 Bg6 15. Bg3 Ne4 16. Nf3 Nxg3 17. fxg3 Bd6 18. Kh2 Qc7 19. Rg1 Rfe8 20. Bd3 Bxd3 21. Qxd3 e5 22. Qd2 exd4 23. exd4 c4 24. Raf1 Re6 25. Re1 Rce8 26. Rxe6 Rxe6 27. Qf2 Qe7 28. Re1 b5 29. Rxe6 Qxe6 30. Kh3 h5 31. Kg2 Qxg4 32. Qe2 Qxg3+ 33. Kf1 g6 34. Qg2 Qxg2+ 35. Kxg2 Bf4 36. Ne1 f5 37. Nf3 Kf7 0-1